 Dungeon Crawl Stone Soup version 0.29-a0-284-gf9362112df (webtiles) character file.

Game seed: 2036533878767700675

476313 ders the Tortoise (level 25, -2/209 HPs)
             Began as a Djinni Conjurer on Mar 31, 2022.
             Was a High Priest of Ashenzari.
             Killed from afar by a frost giant (18 damage)
             ... with a bolt of cold
             ... on level 3 of the Depths.
             The game lasted 02:54:10 (46471 turns).

ders the Tortoise (Djinni Conjurer)                Turns: 46471, Time: 02:54:11

Health: -2/209     AC: 43    Str:  6    XL:     25   Next: 66%
Gold:   5236       EV:  1    Int: 47    God:    Ashenzari [*****.] SH: 11 Dex: 15

rFire   + + .      SeeInvis +   J - staff of conjuration (curse) {Range, Self}
rCold   . . .      Faith    .   X - +3 buckler of the Unveiling Omen {+Blink Int+3, Self, Cun} (curse)
rNeg    . . .      Spirit   .   O - +8 orange crystal plate armour {Archmagi, Int+3 Clar, Self, Fort} (curse)
rPois   ∞          Reflect  .   t - +3 crown of Dyrovepreva {rElec Int+2 SInv, Cun, Fort} (curse)
rElec   +          Harm     .   V - +0 cloak of Desmomancy {Self, Fort} (curse)
rCorr   .          Rampage  .   G - +1 pair of gloves "Affliction of Ashenzari" {Self, Range} (curse)
Will    ++++.      Archmagi +   (boots unavailable)
Stlth   .......... Clarity  +   m - amulet "Overhang to Understand" {Regen+, Range, Self} (curse)
HPRegen 1.24/turn               a - ring of Sophism {rPois rC+ AC+4 Int+6 Dex-2}
MPRegen 0.00/turn               z - ring of Ashenzari's Annoyance {Will++ Int+6, Range, Self} (curse)

@: flying, studying Bows
A: sickness immunity, fire resistance 2, cold vulnerability 1, float, innate
caster, HP casting, extra vitality 1, deformed body
}: 3/15 runes: serpentine, barnacled, silver
a: Renounce Religion, Evoke Blink, Curse Item, Shatter the Chains


You were on level 3 of the Depths.
You worshipped Ashenzari.
Ashenzari was extremely pleased with you.
You visited 10 branches of the dungeon, and saw 44 of its levels.
You visited the Abyss 1 time.
You also visited: Trove, Sewer and Ice Cave.

You collected 7133 gold pieces.
You spent 1897 gold pieces at shops.

Inventory:

Armour
 t - the cursed +3 crown of Dyrovepreva (worn) {rElec Int+2 SInv, Cun, Fort}
   (You found it in a treasure trove)

   Int:       It affects your intelligence (+2).
   rElec:     It insulates you from electricity.
   SInv:      It lets you see invisible.
   It has a curse which improves the following skills: Cunning: Dodging and
   Stealth.
   Fortitude: Armour and Shields.
 G - the cursed +1 pair of gloves "Affliction of Ashenzari" (worn) {Self, Range}
   (You found it on level 9 of the Dungeon)

   It has a curse which improves the following skills: Introspection: Fighting
   and Spellcasting.
   Ranged Combat: Slings, Bows, Crossbows and Throwing.
 O - the cursed +8 orange crystal plate armour (worn) {Archmagi, Int+3 Clar, Self, Fort}
   (You acquired it on level 2 of the Lair of Beasts)

   Int:       It affects your intelligence (+3).
   Clar:      It protects you against confusion.
   It has a curse which improves the following skills: Introspection: Fighting
   and Spellcasting.
   Fortitude: Armour and Shields.
 V - the cursed +0 cloak of Desmomancy (worn) {Self, Fort}
   (You found it on level 5 of the Lair of Beasts)

   It has a curse which improves the following skills: Introspection: Fighting
   and Spellcasting.
   Fortitude: Armour and Shields.
 X - the cursed +3 buckler of the Unveiling Omen (worn) {+Blink Int+3, Self, Cun}
   (You found it on level 2 of the Snake Pit)

   Int:       It affects your intelligence (+3).
   +Blink:    It lets you blink.
   It has a curse which improves the following skills: Introspection: Fighting
   and Spellcasting.
   Cunning:   Dodging and Stealth.
Magical Staves
 J - a cursed staff of conjuration (weapon) {Range, Self}
Jewellery
 a - the ring of Sophism (left hand) {rPois rC+ AC+4 Int+6 Dex-2}
   (You found it on level 3 of the Elven Halls)

   [ring of protection]

   AC:        It affects your AC (+4).
   Int:       It affects your intelligence (+6).
   Dex:       It affects your dexterity (-2).
   rC:        It protects you from cold.
   rPois:     It protects you from poison.
 k - a ring of resist corrosion
 l - the ring of the Harvest {EV+4 Str+2}
   (You found it on level 3 of the Elven Halls)

   [ring of evasion]

   EV:        It affects your evasion (+4).
   Str:       It affects your strength (+2).
 m - the cursed amulet "Overhang to Understand" (around neck) {Regen+, Range, Self}
   (You found it on level 2 of the Dungeon)

   [amulet of regeneration]

   Regen:     It increases your rate of health regeneration.
   It has a curse which improves the following skills: Ranged Combat: Slings,
   Bows, Crossbows and Throwing.
   Introspection: Fighting and Spellcasting.
 w - the ring of Ocwunkan {*Slow rPois rCorr Str+4}
   (You found it on level 3 of the Elven Halls)

   [ring of poison resistance]

   Str:       It affects your strength (+4).
   rPois:     It protects you from poison.
   rCorr:     It protects you from acid and corrosion.
   *Slow:     It may slow you when you take damage.
 x - a ring of protection from cold
 y - the ring of Hytocvajo {Wiz Slay+5}
   (You found it on level 4 of the Shoals)

   [ring of wizardry]

   It improves your spell success rate.
   Slay:      It affects your accuracy & damage with ranged weapons and melee
   (+5).
 z - the cursed ring of Ashenzari's Annoyance (right hand) {Will++ Int+6, Range, Self}
   (You bought it in a shop on level 1 of the Vaults)

   [ring of intelligence]

   Int:       It affects your intelligence (+6).
   Will:      It greatly increases your willpower.
   It has a curse which improves the following skills: Ranged Combat: Slings,
   Bows, Crossbows and Throwing.
   Introspection: Fighting and Spellcasting.
 D - a ring of fire
 H - the ring "Lukis" {rC++ rN+ Will- Int+2}
   (You found it on level 5 of the Vaults)

   [ring of positive energy]

   Int:       It affects your intelligence (+2).
   rC:        It greatly protects you from cold.
   rN:        It protects you from negative energy.
   Will:      It decreases your willpower.
 W - a ring of ice
Wands
 p - a wand of digging (11)
 B - a wand of paralysis (22)
 K - a wand of flame (27)
 N - a wand of charming (4)
 P - a wand of iceblast (14)
 R - a wand of acid (21)
Scrolls
 c - 17 scrolls of teleportation
 e - 3 scrolls of fear
 f - 2 scrolls of vulnerability
 q - 2 scrolls of amnesia
 r - 5 scrolls of fog
 v - 4 scrolls of summoning
 A - a scroll of blinking
 C - 5 scrolls of brand weapon
 E - 3 scrolls of enchant armour
 L - 5 scrolls of enchant weapon
 U - 5 scrolls of magic mapping
 Z - 2 scrolls of silence
Potions
 b - 11 potions of might
 d - 3 potions of cancellation
 g - 22 potions of curing
 h - 3 potions of mutation
 i - 8 potions of flight
 j - 5 potions of brilliance
 n - 6 potions of attraction
 o - 6 potions of heal wounds
 s - 8 potions of magic
 u - 9 potions of haste
 F - a potion of resistance
 Q - 3 potions of berserk rage
Miscellaneous
 Y - a condenser vane


   Skills:
 + Level 17.3(25.2) Fighting
 - Level 20.7(24.8) Armour
 + Level 14.4(17.8) Dodging
 + Level 12.2(15.6) Stealth
 - Level 9.8(14.3) Shields
 - Level 20.5(27) Spellcasting
 + Level 11.2 Evocations


You had 3 spell levels left.
You knew the following spells:

 Your Spells              Type           Power      Damage    Failure   Level
a - Magic Dart            Conj           100%       1d8       0%          1
b - Searing Ray           Conj           100%       2d8       0%          2
c - Dazzling Flash        Conj/Hex       100%       N/A       0%          3
d - Fulminant Prism       Conj/Hex       98%        3d39      1%          4
e - Iskenderun's Mystic   Conj/Tloc      100%       2d19      1%          4
f - Animate Skeleton      Necr           100%       N/A       0%          1
g - Wereblood             Tmut           100%       N/A       0%          2
h - Ignite Poison         Fire/Tmut/Pois 100%       N/A       0%          3
i - Tukima's Dance        Hex            100%       N/A       0%          3
j - Animate Dead          Necr           84%        N/A       1%          4
k - Summon Forest         Summ/Tloc      84%        N/A       1%          5
l - Dispersal             Tloc           84%        N/A       1%          6
m - Conjure Ball Lightni  Conj/Air       98%        3x3d37    1%          6
n - Haunt                 Necr/Summ      84%        N/A       2%          7
o - Infestation           Necr           84%        N/A       21%         8
p - Maxwell's Capacitive  Air            84%        ∞         21%         8
q - Disjunction           Tloc           84%        N/A       21%         8
Your spell library was empty.

Dungeon Overview and Level Annotations

Branches:
Dungeon (15/15)            Temple (1/1) D:5            Lair (6/6) D:10
 Shoals (4/4) Lair:2        Snake (4/4) Lair:4        Slime (0/5) Lair:6
    Orc (2/2) D:12            Elf (3/3) Orc:2        Vaults (5/5) D:14
  Crypt (1/3) Vaults:2     Depths (3/4) D:15          Sewer (visited)
  IceCv (visited)

Altars:
Ashenzari
Cheibriados
Dithmenos
Elyvilon
Fedhas
Gozag
Hepliaklqana
Kikubaaqudgha
Makhleb
Nemelex Xobeh
Okawaru
Qazlal
Ru
Sif Muna
Trog
Uskayaw
Vehumet
Wu Jian
Xom
Yredelemnul
Zin
The Shining One
Beogh
Jiyva

Shops:
D:5 *   D:15 !   Orc:2 ?[:(*   Elf:1 =   Elf:2 =   Elf:3 (*   Shoals:4 (
Snake:4 *   Vaults:1 =   Vaults:2 (*[*:

Portals:
Hell: Depths:1 Depths:2
Abyss: Depths:1
Pandemonium: Depths:2
Ziggurat: Depths:1

Annotations:
D:6 1 runed translucent door, slippy's ghost, novice SpFi
Shoals:3 1 runed translucent door, Gunih's ghost, adept NaFi
Snake:4 1 runed translucent door, chopper's ghost, adept HOFi
Vaults:3 3 runed translucent doors, Kekyt Syjic's ghost, adept SpVM
Depths:2 1 runed translucent door


Innate Abilities, Weirdness & Mutations

You are immune to sickness and miasma.
You are immune to poison.
Your flesh is very heat resistant. (rF++)
You are vulnerable to cold. (rC-)
You float through the air rather than walking.
You learn spells naturally, not from books.
Your magical power is your life essence.
You have superior vitality. (+4 MHP)
Armour fits poorly on your strangely shaped body.


Message History

Confirm with . or Enter, or press ? or * to list all spells.
You feel a strong surge of power!
You erupt in a blast of force!
The mystic blast hits the frost giant!!
The frost giant is heavily wounded.
The frost giant is knocked back by the mystic blast.
The mystic blast hits the frost giant!
The frost giant is severely wounded.
The frost giant is knocked back by the mystic blast.
Ashenzari invites you to partake of a vision and a curse of cunning and introspection.
Casting: Iskenderun's Mystic Blast (safe; 1% risk of failure)
Confirm with . or Enter, or press ? or * to list all spells.
Aiming: Fulminant Prism (safe; 1% risk of failure)
Press: ? - help, Dir - move target You feel a strong surge of power!
You conjure a prism of explosive energy!
A fulminant prism comes into view.
The frost giant points at you and mumbles some strange words.
The bolt of cold hits you!!
* * * LOW HITPOINT WARNING * * *
The frost giant hits your fulminant prism with a +0 battleaxe of freezing!
The frost giant freezes your fulminant prism.
The frost giant gestures at you while chanting.
The bolt of cold hits you!!
* * * LOW HITPOINT WARNING * * *
The frost giant gestures at you while chanting.
The bolt of cold hits your fulminant prism!
Your fulminant prism resists.
The bolt of cold hits you!
* * * LOW HITPOINT WARNING * * *
Your fulminant prism crackles loudly.
There is a dry fountain here.
You feel much better. The frost giant casts a spell at you.
The bolt of cold hits you!!
* * * LOW HITPOINT WARNING * * *
The frost giant casts a spell at you.
The bolt of cold hits your fulminant prism!!
Your fulminant prism resists.
The bolt of cold hits you!!
You die...

#. * * , .# * *
...,, , , ...,*
,##.#** *** #.## ,
#...#######...# *
,..⌠.C.###...⌠..
** *
*#....*........#,,
, ,
,,**#....<....#**
* ,,,, ###...†.###
*, , , , , ##.@.##
, ,, * #.....#* *,
, **#.C..>....#* *
,,,
#.............#,,*
* , *
,,..⌠...###...⌠.+
,* * * * ,#...##
##...#, ,
,,**,##+#* *#+## ,
, ,, *, , * ,,
****** ***


You could see 2 frost giants and a friendly fulminant prism.

Vanquished Creatures
  An ancient lich (Vaults:5)
  A juggernaut (Depths:2)
  Josephina (Depths:2)
  Vv (Depths:2)
  Boris (Vaults:4)
  Vashnia (Snake:2)
  A caustic shrike (Depths:2)
  Saint Roka (Orc:2)
  A golden dragon (Depths:2)
  Nikola (Elf:2)
  4 tentacled monstrosities
  A lich (Vaults:5)
  3 titans
  A quicksilver dragon (Vaults:5)
  2 deep elf master archers (Elf:3)
  Asterion (Snake:1)
  A kraken (Shoals:2)
  2 deep elf blademasters (Elf:3)
  2 storm dragons
  5 shadow dragons
  7 sphinxes
  8 tengu reavers
  Kirke (Snake:3)
  4 fire giants
  7 nagarajas (Snake:4)
  7 deep elf sorcerers
  4 frost giants
  2 balrugs (Depths:2)
  Aizul (Snake:1)
  An iron dragon (Depths:2)
  15 vault wardens
  2 orc warlords
  5 deep elf elementalists (Elf:3)
  16 very ugly things
  A reaper (IceCv)
  29 ironbound preservers
  3 war gargoyles
  5 stone giants
  A spriggan defender (Depths:2)
  9 deep elf annihilators
  7 deep elf demonologists
  7 ironbound thunderhulks
  3 entropy weavers
  5 vampire knights
  Azrael (D:12)
  4 dire elephants
  2 ettins
  A spark wasp (Depths:2)
  12 deep elf death magi
  A green death (Depths:2)
  An eidolon (Crypt:1)
  6 merfolk javelineers
  4 merfolk impalers
  A crystal guardian (Vaults:2)
  6 deep elf high priests
  5 great orbs of eyes
  2 fire dragons
  12 yaktaur captains
  A jiangshi (Crypt:1)
  40 vault guards
  A spriggan air mage (Depths:2)
  Harold (D:11)
  2 boulder beetles (D:13)
  5 ice dragons
  18 naga warriors
  2 peacekeepers
  2 catoblepae
  3 salamander tyrants
  3 ironbound frosthearts
  2 ogre magi (Vaults:5)
  An alligator snapping turtle (Shoals:3)
  3 hydras
  7 merfolk aquamancers
  3 merfolk avatars
  2 rakshasas
  A hydra (shapeshifter) (Vaults:5)
  2 anacondas
  18 centaur warriors
  A spriggan skeleton (Crypt:1)
  25 dancing weapons
  A satyr (Shoals:4)
  A deep troll earth mage (Vaults:5)
  6 two-headed ogres
  3 deep troll shamans (Depths:2)
  10 death yaks
  5 tengu warriors
  A vampire mage (Crypt:1)
  2 orc high priests
  Urug (Lair:1)
  3 hell knights
  2 spriggan berserkers (Depths:2)
  13 naga sharpshooters
  A soul eater (Vaults:2)
  2 spriggans (Depths:2)
  A sun demon (Depths:2)
  8 shock serpents
  18 deep elf knights
  14 skeletal warriors
  3 iron trolls (Depths:2)
  6 salamander mystics
  10 sea snakes
  2 goliath frogs (shapeshifter) (Vaults:5)
  8 large abominations (Depths:1)
  57 deep trolls
  A spectral anaconda (Lair:6)
  11 wizards
  A glowing orange brain (Vaults:1)
  An obsidian statue (Lair:6)
  A steelbarb worm (shapeshifter) (Depths:3)
  5 orc knights
  18 ironbound convokers
  17 lindwurms
  21 deep elf archers
  32 deep elf pyromancers
  5 naga ritualists
  14 harpies
  7 phantasmal warriors
  10 necromancers
  4 fauns
  36 ugly things
  38 deep elf zephyrmancers
  3 cyclopes
  8 mana vipers
  6 orc sorcerers
  15 salamanders
  11 manticores
  2 ice statues (IceCv)
  Maurice (Orc:1)
  12 elephants
  A guardian serpent (Snake:4)
  21 black mambas
  20 naga magi
  5 merfolk sirens
  7 water nymphs
  A gargoyle (D:10)
  14 vault sentinels
  3 unseen horrors
  A yellow draconian zombie (Crypt:1)
  2 kobold demonologists (D:13)
  2 rime drakes
  33 yaktaurs
  8 cane toads
  9 komodo dragons
  An alligator snapping turtle skeleton (Crypt:1)
  2 ice devils (IceCv)
  An entropy weaver simulacrum (IceCv)
  2 tengu conjurers
  A guardian mummy (D:11)
  3 anaconda simulacra (IceCv)
  A red devil (Depths:2)
  A death yak skeleton (Crypt:1)
  2 meliai (shapeshifter)
  6 trolls
  2 wind drakes
  2 polar bears
  9 blink frogs
  28 merfolk
  9 hornets
  45 slime creatures
  2 dream sheep (shapeshifter) (Vaults:5)
  A slime creature (shapeshifter) (Vaults:5)
  5 dream sheep (Lair:6)
  A spectral elephant (Lair:6)
  An iron dragon simulacrum (Crypt:1)
  A fire giant simulacrum (Depths:2)
  3 snapping turtles
  A centaur simulacrum (D:15)
  Sigmund (D:4)
  A frost giant simulacrum (Depths:2)
  7 wraiths
  5 air elementals
  20 water elementals
  4 wyverns
  A vampire (D:12)
  17 humans (D:14)
  A dire elephant simulacrum (Lair:6)
  35 yaks
  3 small abominations (Depths:1)
  5 basilisks
  3 fire elementals (D:12)
  A steam dragon (Lair:4)
  A neqoxec (Depths:2)
  3 hogs (Snake:3)
  A redback (Vaults:4)
  3 vampire mosquitoes (D:12)
  2 chaos spawn (Depths:1)
  4 death yak simulacra (IceCv)
  A spectral cane toad (Lair:6)
  6 wargs
  36 nagas
  4 acid dragons
  A floating eye (D:12)
  2 hell hounds (D:12)
  18 water moccasins
  A floating eye (shapeshifter) (D:14)
  A cane toad skeleton (Crypt:1)
  26 orc warriors
  3 ice beasts
  3 sky beasts
  6 ogres
  16 wolves
  17 centaurs
  2 phantoms (D:6)
  7 kobold brigands
  Blork the orc (D:4)
  13 bullfrogs
  2 glowing shapeshifter simulacra
  A wyvern zombie (Crypt:1)
  3 gnoll sergeants
  A cane toad simulacrum (IceCv)
  2 scorpions
  3 earth elementals
  A two-headed ogre simulacrum (IceCv)
  7 wights
  10 killer bees
  A howler monkey (D:13)
  6 electric eels
  A human simulacrum (Vaults:1)
  4 lava snakes (Snake:3)
  2 hounds
  2 jellies
  18 orc priests
  A gnoll shaman (D:5)
  4 iguanas
  19 orc wizards
  A troll simulacrum (IceCv)
  2 spriggan simulacra
  2 polar bear simulacra (Lair:6)
  A killer bee zombie (Crypt:1)
  A wolf simulacrum (Lair:6)
  22 gnolls
  2 naga simulacra (IceCv)
  11 adders
  8 river rats (Sewer)
  A shadow imp (D:6)
  2 white imps (IceCv)
  An ufetubus (D:5)
  A worm (shapeshifter) (Vaults:5)
  2 worms
  3 dart slugs
  79 orcs
  10 ball pythons
  8 endoplasms
  11 giant cockroaches
  6 goblins
  3 hobgoblins
  6 jackals
  4 quokkas
  6 bats
  5 frilled lizards
  A frilled lizard zombie (Crypt:1)
  32 kobolds
  23 rats
  9 ball lightnings
  48 fulminant prisms
  4 plants (Shoals:2)
  A snaplasher vine (Snake:1)
  2 tentacles (Shoals:2)
1786 creatures vanquished.

Vanquished Creatures (collateral kills)
  Frances (Snake:1)
  An ironbound preserver (Vaults:4)
  2 great orbs of eyes
  A naga warrior (Snake:1)
  2 ironbound frosthearts
  2 dancing weapons (Elf:1)
  A glowing orange brain (Vaults:2)
  4 deep trolls (Vaults:4)
  2 lindwurms (Vaults:3)
  2 ironbound convokers
  A wizard (Vaults:1)
  3 deep elf zephyrmancers
  A deep elf pyromancer (Elf:1)
  An ugly thing (Vaults:2)
  A water nymph (Shoals:3)
  2 yaktaurs (Vaults:3)
  4 ice devils (IceCv)
  8 blink frogs (Lair:5)
  5 slime creatures (Vaults:3)
  A yak (Lair:6)
  A wyvern (Lair:5)
  3 nagas (Snake:1)
  A water moccasin (Lair:5)
  A two-headed ogre simulacrum (IceCv)
  A troll simulacrum (IceCv)
  A naga simulacrum (IceCv)
  A white imp (IceCv)
  An ufetubus (IceCv)
  39 ball lightnings
94 creatures vanquished.

Vanquished Creatures (others)
  A caustic shrike simulacrum (Depths:2)
  A dancing weapon (Elf:2)
  A deep elf knight (Elf:2)
  A snapping turtle (Shoals:4)
  315 ball lightnings
  1452 fulminant prisms
  39 fungi
  130 plants
  2 snaplasher vines
  12 tentacles (Shoals:2)
  31 withered plants (Lair:6)
1985 creatures vanquished.

Grand Total: 3865 creatures vanquished

Notes
Turn   | Place    | Note
-------+----------+-------------------------------------------
     0 | D:1      | ders the Djinni Conjurer began the quest for the Orb.
     0 | D:1      | Reached XP level 1. HP: 15/15 MP: 0/0
   364 | D:1      | Reached XP level 2. HP: 18/21 MP: 0/0
  1072 | D:1      | Reached XP level 3. HP: 22/25 MP: 0/0
  1072 | D:1      | Learned a level 1 spell: Animate Skeleton
  1382 | D:2      | Found an opulent altar of Gozag.
  1407 | D:2      | Reached XP level 4. HP: 26/31 MP: 0/0
  2157 | D:2      | Found a faded altar of an unknown god.
  2414 | D:3      | Reached XP level 5. HP: 35/35 MP: 0/0
  2414 | D:3      | Learned a level 2 spell: Wereblood
  2456 | D:3      | You are sucked into a shaft and drop 2 floors!
  2456 | D:5      | Entered Level 5 of the Dungeon
  2456 | D:5      | Found a staircase to the Ecumenical Temple.
  2461 | D:5      | Reached skill level 5 in Spellcasting
  2468 | Temple   | Entered the Ecumenical Temple
  2723 | D:5      | Reached XP level 6. HP: 10/40 MP: 0/0
  2874 | D:3      | Found a blossoming altar of Fedhas.
  2880 | D:3      | Found a broken altar of Ashenzari.
  2886 | D:3      | Became a worshipper of Ashenzari the Shackled
  2892 | D:3      | Found a shadowy altar of Dithmenos.
  3112 | D:3      | Found a sacrificial altar of Ru.
  3121 | D:3      | Found a sparkling altar of Nemelex Xobeh.
  3177 | D:4      | Noticed Blork the orc
  3187 | D:4      | Killed Blork the orc
  3284 | D:4      | Reached XP level 7. HP: 38/45 MP: 0/0
  3284 | D:4      | Learned a level 3 spell: Ignite Poison
  3347 | D:4      | Found a burning altar of Makhleb.
  3349 | D:4      | Identified the +3 leather armour of Fuer {Rampage}
  3367 | D:4      | Noticed Sigmund
  3379 | D:4      | Killed Sigmund
  3412 | D:4      | Found a glowing drain.
  3421 | Sewer    | Entered a sewer
  3514 | Sewer    | Reached XP level 8. HP: 40/50 MP: 0/0
  4650 | D:5      | Found Oclafun's Lightly-Used Armoury.
  4679 | D:5      | Bought a -1 demon blade for 130 gold pieces
  4728 | D:5      | Reached * piety under Ashenzari
  4757 | D:5      | Reached XP level 9. HP: 55/55 MP: 0/0
  4757 | D:5      | Learned a level 3 spell: Tukima's Dance
  5210 | D:6      | Reached skill level 1 in Fighting
  5210 | D:6      | Reached skill level 1 in Armour
  5319 | D:6      | Reached XP level 10. HP: 26/65 MP: 0/0
  5422 | D:6      | Reached ** piety under Ashenzari
  5473 | D:6      | Found a runed translucent door.
  5479 | D:6      | Noticed slippy's ghost (novice SpFi)
  6323 | D:7      | Identified the +3 quarterstaff of Xouhafon {drain, rElec
                  | Will- Str+4 Int+4}
  6592 | D:3      | Reached *** piety under Ashenzari
  6793 | D:8      | HP: 3/72 [electric eel/bolt of electricity (9)]
  6870 | D:8      | HP: 1/72 [electric eel/bolt of electricity (6)]
  7026 | D:8      | Noticed a two-headed ogre
  7035 | D:8      | Killed a two-headed ogre
  7098 | D:8      | Reached XP level 11. HP: 77/78 MP: 0/0
  7098 | D:8      | Learned a level 4 spell: Animate Dead
  7290 | D:8      | Noticed a white ugly thing
  7307 | D:8      | Killed a white ugly thing
  8293 | D:10     | Entered Level 10 of the Dungeon
  8552 | D:10     | Identified the +7 quarterstaff of Focus {flame, *Rage Fly
                  | rElec Dex+3}
  8581 | D:10     | Found a staircase to the Lair.
  8597 | Lair:1   | Entered Level 1 of the Lair of Beasts
  8602 | Lair:1   | Noticed Urug
  8608 | Lair:1   | Killed Urug
  8609 | Lair:1   | Reached skill level 5 in Fighting
  8609 | Lair:1   | Reached skill level 5 in Armour
  8612 | Lair:1   | Noticed a seven-headed hydra
  8623 | Lair:1   | Killed a seven-headed hydra
  8775 | Lair:1   | Noticed a catoblepas
  8795 | Lair:1   | Killed a catoblepas
  8796 | Lair:1   | Reached XP level 12. HP: 82/90 MP: 0/0
  8904 | Lair:1   | Noticed a four-headed hydra
  8919 | Lair:1   | Killed a four-headed hydra
  9394 | Lair:2   | Reached **** piety under Ashenzari
  9398 | Lair:2   | Found a staircase to the Shoals.
  9571 | Lair:2   | Noticed a catoblepas
  9580 | Lair:2   | Killed a catoblepas
  9774 | Lair:2   | Identified a scroll of acquirement
  9781 | Lair:2   | Found a sacrificial altar of Ru.
  9886 | Lair:2   | Acquired the +8 orange crystal plate armour {Archmagi,
                  | Int+3 Clar}
  9886 | Lair:2   | Found the +8 orange crystal plate armour {Archmagi, Int+3
                  | Clar}
 10328 | Lair:3   | Noticed a death yak
 10328 | Lair:3   | Noticed a death yak
 10329 | Lair:3   | Noticed a death yak
 10330 | Lair:3   | Noticed a death yak
 10331 | Lair:3   | Noticed a death yak
 10335 | Lair:3   | Killed a death yak
 10336 | Lair:3   | Noticed a death yak
 10346 | Lair:3   | Killed a death yak
 10347 | Lair:3   | Reached XP level 13. HP: 90/101 MP: 0/0
 10347 | Lair:3   | Learned a level 5 spell: Summon Forest
 11128 | Lair:4   | Reached skill level 15 in Spellcasting
 11228 | Lair:4   | Found a staircase to the Snake Pit.
 11880 | Lair:5   | Reached skill level 10 in Armour
 12038 | Lair:5   | Reached ***** piety under Ashenzari
 12327 | Lair:6   | Entered Level 6 of the Lair of Beasts
 12345 | Lair:6   | Reached XP level 14. HP: 109/111 MP: 0/0
 12459 | Lair:6   | Found a frozen archway.
 12480 | IceCv    | Entered an ice cave
 12719 | IceCv    | Noticed a reaper
 12733 | IceCv    | Killed a reaper
 13355 | Lair:6   | Found a viscous altar of Jiyva.
 13355 | Lair:6   | Found a staircase to the Slime Pits.
 13545 | Lair:6   | Noticed a dire elephant
 13545 | Lair:6   | Noticed a dire elephant
 13568 | Lair:6   | Noticed a dire elephant
 13590 | Lair:6   | Killed a dire elephant
 13958 | Lair:6   | Killed a dire elephant
 14160 | Lair:6   | Killed a dire elephant
 14827 | D:11     | Reached XP level 15. HP: 45/116 MP: 0/0
 14827 | D:11     | Learned a level 6 spell: Dispersal
 14851 | D:11     | Noticed Harold
 14861 | D:11     | Killed Harold
 15297 | D:11     | Found a portal to a secret trove of treasure.
 15309 | D:11     | You paid a toll of 4 scrolls of fear to enter a treasure
                  | trove
 15310 | Trove    | Entered a treasure trove
 15310 | Trove    | Identified the +2 pair of gloves of Jyos {Will- Dex+5}
 15311 | Trove    | Found the +3 crown of Dyrovepreva {rElec Int+2 SInv}
 15311 | Trove    | Found the +3 Mad Mage's Maulers {Infuse+∞ RegenMP Int-3}
 15314 | Trove    | Found the +2 cloak of the Thief {*Fog Slay-2 SInv Stlth+}
 15316 | Trove    | Identified the +3 buckler of the Original Sin {Str+3}
 15316 | Trove    | Identified the +6 chain mail "Veasurho" {Rampage +Inv}
 15632 | D:12     | Noticed Azrael
 15643 | D:12     | Killed Azrael
 16011 | D:12     | Found a staircase to the Orcish Mines.
 16831 | Orc:1    | Entered Level 1 of the Orcish Mines
 16834 | Orc:1    | Noticed Maurice
 16837 | Orc:1    | Killed Maurice
 16917 | Orc:1    | Noticed an orc warlord
 16932 | Orc:1    | Killed an orc warlord
 17611 | Orc:2    | Entered Level 2 of the Orcish Mines
 17862 | Orc:2    | Noticed Saint Roka
 17872 | Orc:2    | Killed Saint Roka
 17873 | Orc:2    | Reached XP level 16. HP: 105/121 MP: 0/0
 17967 | Orc:2    | Found Fayr's Antique Weapon Boutique.
 17985 | Orc:2    | Found Beigguj's Antique Armour Boutique.
 18007 | Orc:2    | Found Jofadueh's Book Boutique.
 18036 | Orc:2    | Found Meno's Magic Scroll Emporium.
 18045 | Orc:2    | Found a staircase to the Elven Halls.
 18047 | Orc:2    | Bought a scroll of magic mapping for 42 gold pieces
 18047 | Orc:2    | Bought a scroll of magic mapping for 42 gold pieces
 18047 | Orc:2    | Bought a scroll of magic mapping for 42 gold pieces
 18047 | Orc:2    | Bought a scroll of teleportation for 36 gold pieces
 18173 | Orc:2    | Found Ubat's General Store.
 18670 | D:13     | Reached skill level 15 in Armour
 19700 | D:14     | Paralysed by a floating eye for 4 turns
 20047 | D:14     | Identified the +4 robe of Dim Light {rF++}
 20154 | D:14     | Found a gate to the Vaults.
 20739 | D:15     | Entered Level 15 of the Dungeon
 20761 | D:15     | Found a staircase to the Depths.
 21127 | D:15     | Found Plog's Distillery.
 21647 | Snake:1  | Entered Level 1 of the Snake Pit
 21701 | Snake:1  | Noticed Aizul
 21713 | Snake:1  | Killed Aizul
 21860 | Snake:1  | Noticed Frances
 21869 | Snake:1  | Killed Frances
 21870 | Snake:1  | Reached skill level 1 in Shields
 21905 | Snake:1  | Reached XP level 17. HP: 127/129 MP: 0/0
 21905 | Snake:1  | Learned a level 6 spell: Conjure Ball Lightning
 21908 | Snake:1  | Noticed Asterion
 21910 | Snake:1  | Noticed an Executioner
 21917 | Snake:1  | Killed Asterion
 22655 | Snake:2  | Noticed Vashnia
 22685 | Snake:2  | Killed Vashnia
 22966 | Snake:2  | Identified the +3 buckler of the Swamp {+Blink Int+3}
 23719 | Snake:3  | Noticed Kirke
 23732 | Snake:3  | Killed Kirke
 24198 | Snake:4  | Entered Level 4 of the Snake Pit
 24392 | Snake:4  | Reached XP level 18. HP: 138/138 MP: 0/0
 24571 | Snake:4  | Reached skill level 5 in Shields
 25193 | Snake:4  | Noticed chopper's ghost (adept HOFi)
 25197 | Snake:4  | Found a runed translucent door.
 25197 | Snake:4  | Found Yphyulo's General Store.
 25198 | Snake:4  | Identified Sif Muna's Grimoire of the Flamy Glacier
 25336 | Snake:4  | Got a serpentine rune of Zot
 25700 | Shoals:1 | Entered Level 1 of the Shoals
 26643 | Shoals:2 | Identified the +3 hunting sling of Esomoh {venom, rPois
                  | Dex-4 Stlth+}
 27004 | Shoals:2 | Noticed a kraken
 27026 | Shoals:3 | Reached XP level 19. HP: 101/148 MP: 0/0
 27026 | Shoals:3 | Learned a level 7 spell: Haunt
 27265 | Shoals:4 | Entered Level 4 of the Shoals
 27619 | Shoals:3 | Found a runed translucent door.
 27619 | Shoals:3 | Noticed Gunih's ghost (adept NaFi)
 27843 | Shoals:4 | Reached skill level 10 in Fighting
 28341 | Shoals:4 | Found Rankurghu's Weapon Boutique.
 28528 | Shoals:4 | Identified the ring of Hytocvajo {Wiz Slay+5}
 28805 | Shoals:4 | Got a barnacled rune of Zot
 29256 | Vaults:1 | Entered Level 1 of the Vaults
 29434 | Vaults:1 | Reached ****** piety under Ashenzari
 29834 | Vaults:1 | Reached XP level 20. HP: 110/158 MP: 0/0
 30273 | Vaults:1 | Cast into level 3 of the Abyss (a wizard)
 30294 | Abyss:3  | Found a corrupted altar of Lugonu.
 30314 | Abyss:3  | Gained mutation: Armour fits poorly on your strangely
                  | shaped body. [a neqoxec]
 30335 | Vaults:1 | Escaped the Abyss
 30834 | Vaults:1 | Found Ettavocid's Jewellery Emporium.
 30842 | Vaults:1 | Bought the ring "Ekoe" {Will++ Int+6} for 1330 gold pieces
 31936 | Vaults:2 | Reached XP level 21. HP: 88/167 MP: 0/0
 31936 | Vaults:2 | Learned a level 8 spell: Infestation
 32111 | Vaults:2 | Found Xuirism's Assorted Antiques.
 32116 | Vaults:2 | Bought a potion of heal wounds for 150 gold pieces
 32203 | Vaults:2 | Found Maozulat's Armour Shoppe.
 33079 | Vaults:2 | Found Hynix's General Store.
 33674 | Vaults:2 | Bought a potion of heal wounds for 65 gold pieces
 33687 | Vaults:2 | Found Piuhoer's Book Emporium.
 33716 | Vaults:2 | Found a staircase to the Crypt.
 33855 | Vaults:2 | Found Kidily's Antique Weapon Shoppe.
 34348 | Vaults:3 | Reached skill level 5 in Dodging
 34970 | Vaults:3 | Found a runed translucent gate.
 34970 | Vaults:3 | Found a runed translucent gate.
 34970 | Vaults:3 | Found a runed translucent gate.
 34971 | Vaults:3 | Identified the amulet of Edoic {Acrobat Contam Fly MP-9
                  | Slay+5}
 34972 | Vaults:3 | Noticed Kekyt Syjic's ghost (adept SpVM)
 35578 | Vaults:4 | Reached skill level 5 in Stealth
 35617 | Vaults:4 | Reached XP level 22. HP: 157/182 MP: 0/0
 35962 | Vaults:4 | Noticed Boris
 35990 | Vaults:4 | Killed Boris
 36885 | Crypt:1  | Entered Level 1 of the Crypt
 36950 | Crypt:1  | Reached skill level 1 in Evocations
 37519 | Elf:1    | Entered Level 1 of the Elven Halls
 37523 | Elf:1    | Paralysed by an air elemental for 1 turns
 37700 | Elf:1    | Paralysed by an air elemental for 1 turns
 38097 | Elf:1    | Found Gempulis's Jewellery Boutique.
 38671 | Elf:2    | Found a runed translucent gate.
 38671 | Elf:2    | Found a runed translucent gate.
 38672 | Elf:2    | Found a runed translucent gate.
 38754 | Elf:2    | Found Eleruih's Jewellery Boutique.
 38939 | Elf:2    | Reached XP level 23. HP: 184/192 MP: 0/0
 38939 | Elf:2    | Learned a level 8 spell: Maxwell's Capacitive Coupling
 39125 | Elf:2    | Noticed Nikola
 39148 | Elf:2    | Killed Nikola
 39162 | Elf:2    | Reached skill level 5 in Evocations
 39202 | Elf:2    | Reached skill level 10 in Dodging
 39566 | Elf:3    | Entered Level 3 of the Elven Halls
 40083 | Elf:3    | Identified the ring of Ocwunkan {*Slow rPois rCorr Str+4}
 40085 | Elf:3    | Identified the +8 falchion "Newtslayer" {speed, rElec rF-
                  | rC+ Str+2}
 40086 | Elf:3    | Identified the +5 scimitar "Zyptot Ide" {vorpal, Fragile
                  | rC- rCorr Str+9}
 40089 | Elf:3    | Identified the ring of the Harvest {EV+4 Str+2}
 40113 | Elf:3    | Identified the ring of Sophism {rPois rC+ AC+4 Int+6 Dex-2}
 40364 | Elf:3    | Found Emeneen's General Store.
 40405 | Elf:3    | Reached skill level 15 in Fighting
 40407 | Elf:3    | Found Rimoeb's Antique Weapon Boutique.
 40422 | Elf:3    | Bought a scroll of teleportation for 60 gold pieces
 40497 | Elf:3    | Identified the +0 robe of the Lumpy Geomancers {Regen+
                  | Stlth+}
 41052 | Elf:3    | Identified the Compendium of Gliding Cold
 41544 | Orc:2    | Acquired 732 gold pieces
 41830 | Vaults:5 | Entered Level 5 of the Vaults
 41887 | Vaults:5 | Identified the ring "Lukis" {rC++ rN+ Will- Int+2}
 41935 | Vaults:5 | Reached XP level 24. HP: 115/197 MP: 0/0
 42048 | Vaults:5 | Noticed an ancient lich
 42054 | Vaults:5 | Killed an ancient lich
 42066 | Vaults:5 | Identified the +9 scale mail "Tomum" {Contam rCorr Int+9
                  | Dex-2}
 42072 | Vaults:5 | Reached skill level 10 in Stealth
 42201 | Vaults:5 | Noticed a golden dragon
 42201 | Vaults:5 | an iron giant changed into a golden dragon
 42204 | Vaults:5 | a golden dragon changed into an iron dragon
 42221 | Vaults:5 | Identified the +6 long sword "Jevampo" {vorpal, Str+3}
 42247 | Vaults:5 | Noticed a caustic shrike
 42247 | Vaults:5 | an iron giant changed into a caustic shrike
 42249 | Vaults:5 | a caustic shrike changed into an iron dragon
 42340 | Vaults:5 | Identified the Almanac of the Mountains
 42720 | Vaults:5 | Identified the ring of Xom's Malicious Joy {Dex+3 SInv}
 43578 | Vaults:5 | Identified the +0 robe of Vyodug {Harm rCorr}
 43607 | Vaults:5 | Identified the Volume of Freezing Lightness
 43824 | Vaults:5 | Identified the +0 ring mail "Mazuwn" {Int+3}
 43836 | Vaults:5 | Got a silver rune of Zot
 44048 | Depths:1 | Entered Level 1 of the Depths
 44051 | Depths:1 | Found a one-way gateway to a ziggurat.
 44224 | Depths:1 | Reached skill level 10 in Evocations
 44308 | Depths:1 | Identified the +1 robe of Fun and Games {*Corrode MP+9
                  | Int+4}
 44373 | Depths:1 | Reached XP level 25. HP: 206/206 MP: 0/0
 44373 | Depths:1 | Learned a level 8 spell: Disjunction
 44581 | Depths:1 | Found a one-way gate to the infinite horrors of the Abyss.
 44767 | Depths:1 | Found a gateway to Hell.
 44980 | Depths:2 | Noticed Vv
 44984 | Depths:2 | Killed Vv
 45413 | Depths:2 | Found a one-way gate leading to the halls of Pandemonium.
 45515 | Depths:2 | Identified the ring "Koagepnydu" {Ice Str+4}
 45515 | Depths:2 | Noticed Josephina
 45525 | Depths:2 | Killed Josephina
 45623 | Depths:2 | Identified the +1 quarterstaff "Kimeqath" {vorpal, rF-
                  | Str+8 Stlth-}
 45633 | Depths:2 | Identified the Catalogue of the Rocks and Enchantment
 45635 | Depths:2 | Found a runed translucent door.
 45635 | Depths:2 | Identified the +8 flail of Deflation {vorpal, Will+ Dex-4
                  | SInv}
 45731 | Depths:2 | Noticed a caustic shrike
 45734 | Depths:2 | Noticed a juggernaut
 46143 | Depths:2 | Killed a juggernaut
 46155 | Depths:2 | Killed a caustic shrike
 46329 | Depths:2 | Identified The Advanced Guide to Casting
 46471 | Depths:3 | Killed from afar by a frost giant

Illustrated notes

Levels and vault maps discovered:
D:1:      dpeg_arrival_connections, layout_basic, st_stairs_2,
          dreamdust_princess_bridge
D:2:      layout_basic, basic_altar, dreamdust_ecumenical_altar_sealed_demon
D:3:      layout_rooms, grunt_temple_overflow_cloverleaf,
          mainiacjoe_overflow_swirl
D:4:      layout_cave_pools, mainiacjoe_overflow_alcove_2, gup_sewer_entry_pipe,
          uniq_sigmund, uniq_blork_the_orc
D:5:      layout_basic, minmay_temple_entry_glass, minmay_shop_damaged
D:6:      layout_rooms, ebering_ghost_sewer_d, grunt_ministairs_10
D:7:      layout_gridville
D:8:      hellmonk_warped_wall, layout_loops_cross, minivault_14,
          serial_bayou_crossing
D:9:      layout_loops_ring, chequers_serial_rivers_micro_e, nrook_uturn
D:10:     layout_rooms, dpeg_oklobed_lair
D:11:     layout_loops_ring, nicolae_trove_entry_path_of_doom, uniq_harold
D:12:     hellmonk_paralyzer, layout_long_grid, david_orc_1_choice, uniq_azrael
D:13:     layout_roguey
D:14:     layout_stronghold, grunt_vaults_entry_tiered,
          dreamdust_princess_corridor, corexii_corridor_pit
D:15:     grunt_enter_depths_hoard, layout_stronghold, serial_shops,
          shop_fountains, nicolae_wwwww, hangedman_abyss_or_decor_stabs
Temple:   regret_index_temple_generic_petals
Lair:1:   layout_roguey, lemuel_fruit_fields, infiniplex_staircase_pool_2,
          uniq_urug
Lair:2:   layout_cave_pods, shoals_dummy_entry, basic_altar, lemuel_fruit_tree,
          infiniplex_staircase_pool, serial_bayou_shore_b, grunt_megastairs_2
Lair:3:   layout_loops_ring, grunt_megastairs_5
Lair:4:   layout_cave_pods, guppyfry_snake_entry_island, minivault_27,
          grunt_megastairs_3
Lair:5:   layout_roguey
Lair:6:   due_jungle_book, layout_regular_city, slime_altar_1,
          portal_ice_cave_entry_ice_simulacra, serial_bayou_shore_a
Shoals:1: layout_shoals
Shoals:2: layout_shoals
Shoals:3: layout_shoals, ebering_ghost_inner_flame
Shoals:4: shoals_end_hangedman, layout_shoals, serial_shops,
          nicolae_shop_bloodbath_and_beyond
Snake:1:  layout_chambers, special_room, uniq_asterion, uniq_aizul, uniq_frances
Snake:2:  layout_rooms, uniq_vashnia
Snake:3:  layout_basic, nicolae_snake_salamander_stairs, uniq_kirke
Snake:4:  snake_pit, layout_onion_interference, ebering_ghost_reflecting_pool,
          serial_shops, nicolae_shop_behind_doors
Orc:1:    layout_caves, elves_outpost_lemuel, uniq_maurice
Orc:2:    grunt_orc_cross, layout_caves, serial_shops, nicolae_shop_crystal
Elf:1:    nicolae_elf_arrival_aired_out, layout_loops_cross, serial_shops, shop,
          basic_altar
Elf:2:    elven_hall_of_blades_hangedman_original
          [nicolae_blade_entry_diamond_columns], layout_geoelf_octagon,
          serial_shops, nicolae_shop_hallway_stairs, uniq_nikola
Elf:3:    minmay_elf_hall_dome, layout_loops_cross, basic_altar,
          nicolae_twisting_strands, minmay_shop_star
Vaults:1: vaults_room_grunt_arrival_checkpoint, nicolae_vaults_border_crossing,
          nicolae_vaults_diagonal_hallway_7, v_pattern_4, grunt_vaults_bifocal,
          vaults_room_door_hall, st_star, nicolae_vaults_little_squares_4,
          vaults_dpeg_doors, v_misc_32, nicolae_vaults_little_squares_4,
          layout_vaults_ring, serial_shops, nicolae_shop_window_shopping
Vaults:2: minmay_crypt_entry_simple_corners, vaults_mumra_minichess_inversion,
          vaults_room_pool, nicolae_vaults_stairing_the_circle,
          ontoclasm_vaults_ring_square, v_misc_14, v_misc_1,
          nicolae_vaults_display_case, v_pattern_5, v_misc_27, v_misc_17,
          vaults_room_pool, v_alt_pattern_5, layout_vaults_big_room,
          serial_shops, nicolae_shop_hallway_stairs, nicolae_shop_waterfront,
          shop, shop, nicolae_square_shop
Vaults:3: ebering_ghost_rock_garden, ontoclasm_vaults_idyll,
          nicolae_vaults_little_squares_2, vaults_mumra_hexcomb,
          ontoclasm_vaults_gateway, v_misc_3, v_pattern_3, v_misc_11,
          nicolae_vaults_diagonal_hallway_9, layout_vaults_quadrants
Vaults:4: v_rooms_5, vaults_dpeg_encased_lava, grunt_vaults_diagonal,
          vaults_dpeg_ring, grunt_vaults_hallway_short, vaults_dpeg_diagonal,
          hangedman_vaults_capsules, ontoclasm_vaults_decontamination,
          ontoclasm_vaults_twist, layout_vaults_omnicross, uniq_boris
Vaults:5: serial_shops, uniq_saint_roka
Crypt:1:  cheibrodos_crypt_3hun_7po, layout_misc_corridors,
          ebering_ghost_reflecting_pool
Depths:1: layout_gridlike, enter_ziggurat_f, minmay_room_of_horrors,
          minmay_tree_intersection, grunt_hell_entry_dis_mu,
          kennysheep_generic_room_16
Depths:2: minmay_sliced_demisemicircle, layout_gridville,
          pf_dread_powers_of_hell, rand_demon_pan_entry_5,
          chequers_serial_rivers_marsh, serial_sigils_hangedman_writhe,
          kennysheep_treasure_room, uniq_josephina, uniq_vv
Depths:3: evilmike_halls_of_destruction, layout_gridville,
          nicolae_abyss_entry_one_way_or_another, rand_demon_pan_entry_9,
          nicolae_uskayaw_murder_on_the_dancefloor, hell_entry,
          grunt_ministairs_13, serial_bayou_shore_b, minmay_staircase_statues,
          minmay_shop_grove, serial_bayou_shore_b

Skill      XL: |  1  2  3  4  5  6  7  8  9 10 11 12 13 14 15 16 17 18 19 20 21 22 23 24 25 |
---------------+----------------------------------------------------------------------------+-----
Spellcasting   | 4 5 6 7 12 13 14 15 16 17 18 19 20 | 20.5
Fighting       | 1 3 5 6 7 8 9 10 11 13 14 15 16 17 | 17.3
Armour         | 1 3 5 8 10 12 14 16 17 18 19 20 | 20.7
Shields        | 1 4 6 8 9 |  9.8
Stealth        | 5 7 9 11 12 | 12.2
Dodging        | 6 9 11 13 14 | 14.4
Evocations     | 4 7 10 11 | 11.2

Action                   |  1- 3 |  4- 6 |  7- 9 | 10-12 | 13-15 | 16-18 | 19-21 | 22-24 | 25-27 || total
-------------------------+-------+-------+-------+-------+-------+-------+-------+-------+-------++-------
Melee: Unarmed           |       |       |     3 |       |       |       |       |       |       ||     3
       Demon blade       |       |       |     2 |     4 |       |       |       |       |       ||     6
       Staff             |       |       |       |       |       |     1 |     6 |     6 |     1 ||    14
 Cast: Magic Dart        |    53 |    70 |    34 |    30 |    15 |       |       |     3 |       ||   205
       Searing Ray       |     1 |     7 |     3 |       |     3 |       |       |       |       ||    14
       Iskenderun's Myst |       |     7 |    19 |    25 |    67 |    58 |    72 |   110 |    32 ||   390
       Fulminant Prism   |       |     7 |    53 |   159 |   304 |   264 |   265 |   365 |    84 ||  1501
       Summon Forest     |       |       |       |       |     9 |     2 |     1 |     1 |       ||    13
       Animate Dead      |       |       |       |       |     1 |       |    10 |     1 |       ||    12
       Dispersal         |       |       |       |       |     2 |       |       |     1 |       ||     3
       Conjure Ball Ligh |       |       |       |       |       |    52 |    71 |    42 |    19 ||   184
       Haunt             |       |       |       |       |       |       |    10 |     2 |     1 ||    13
       Tukima's Dance    |       |       |       |       |       |       |     1 |       |       ||     1
       Infestation       |       |       |       |       |       |       |    18 |    12 |       ||    30
       Maxwell's Capacit |       |       |       |       |       |       |       |     2 |     1 ||     3
Invok: Curse Item        |       |       |     2 |     4 |     2 |     2 |     3 |       |       ||    13
       Shatter the Chain |       |       |       |       |     1 |     1 |     2 |     1 |       ||     5
 Abil: Evoke Blink       |       |       |       |       |       |       |     1 |       |       ||     1
  Use: Scroll            |       |       |     8 |     1 |     3 |     2 |     3 |     9 |     1 ||    27
       Potion            |       |       |     1 |       |       |       |       |    11 |     1 ||    13
Armor: Robe              |       |     2 |     4 |     1 |       |       |       |       |       ||     7
       Leather armour    |       |       |       |     2 |       |       |       |       |       ||     2
       Troll leather arm |       |       |       |     3 |       |       |       |       |       ||     3
       Steam dragon scal |       |       |       |       |    18 |       |       |       |       ||    18
       Crystal plate arm |       |       |       |       |     3 |   125 |   105 |    73 |    16 ||   322
Dodge: Dodged            |     3 |     7 |    18 |     8 |    29 |     4 |     2 |     1 |       ||    72
Block: Kite shield       |       |       |       |     5 |    21 |    64 |    34 |       |       ||   124
       Buckler           |       |       |       |       |       |       |    23 |    42 |     5 ||    70

Table legend: (Time is in decaauts)
 A = Elapsed time spent in this place.
 B = Non-inter-level travel time spent in this place.
 C = Inter-level travel time spent in this place.
 D = Time resting spent in this place.
 E = Time spent auto-exploring this place.
 F = Levels seen in this place.
 G = Mean time per level.
                   A        B        C        D        E       F      G
               +--------+--------+--------+--------+--------+-----+--------+
         Total |  46513 |  41437 |   5076 |   7197 |  23667 |  49 |  949.2 |
       Dungeon |  13608 |  12281 |   1327 |   1054 |   9214 |  15 |  907.2 |
        Temple |    249 |    195 |     54 |      0 |    184 |   1 |  249.0 |
          Lair |   5518 |   4897 |    621 |    238 |   3704 |   6 |  919.7 |
        Shoals |   3235 |   2732 |    503 |    919 |   1123 |   4 |  808.8 |
     Snake Pit |   4001 |   3756 |    245 |    681 |   2125 |   4 | 1000.2 |
  Orcish Mines |   1916 |   1584 |    332 |     67 |   1042 |   2 |  958.0 |
   Elven Halls |   4028 |   3564 |    464 |   1173 |   1360 |   3 | 1342.7 |
        Vaults |   9887 |   8432 |   1455 |   2148 |   3129 |   5 | 1977.4 |
         Crypt |    256 |    245 |     11 |    105 |     36 |   1 |  256.0 |
        Depths |   2422 |   2362 |     60 |    520 |   1178 |   3 |  807.3 |
         Abyss |     61 |     61 |      0 |      0 |     36 |   2 |   30.5 |
         Trove |     75 |     75 |      0 |      0 |      2 |   1 |   75.0 |
         Sewer |    617 |    617 |      0 |     35 |    377 |   1 |  617.0 |
      Ice Cave |    634 |    634 |      0 |    257 |    157 |   1 |  634.0 |
               +--------+--------+--------+--------+--------+-----+--------+

Top non-repeatable levels by time:
Vaults:2: 2699 daAuts
Vaults:1: 2363 daAuts
Vaults:5: 2018 daAuts
   Elf:3: 1840 daAuts
    D:14: 1704 daAuts
Vaults:3: 1674 daAuts
Depths:2: 1480 daAuts
    D:12: 1400 daAuts
  Lair:6: 1392 daAuts
   Elf:2: 1281 daAuts
 Snake:4: 1255 daAuts
     D:1: 1193 daAuts
 Snake:3: 1179 daAuts
Vaults:4: 1131 daAuts
     D:2: 1089 daAuts
